 Dungeon Crawl Stone Soup version 0.28.0-53-g5a82cb258f (webtiles) character file.

Game seed: 16913976887429991114

49 JacoesBerries the Conjurer (level 3, 0/19 HPs)
             Began as a Deep Elf Conjurer on Nov 9, 2022.
             Slain by Grinder (2 damage)
             ... on level 3 of the Dungeon.
             The game lasted 00:03:20 (2034 turns).

JacoesBerries the Conjurer (Deep Elf Conjurer)      Turns: 2034, Time: 00:03:20

Health: 0/19       AC:  3    Str:  4    XL:     3   Next: 51%
Magic:  1/10       EV: 12    Int: 24    God:
Gold:   61         SH:  0    Dex: 13    Spells: 6/9 levels left

rFire   . . .      SeeInvis .   b - +0 short sword (elec)
rCold   . . .      Faith    .   (no shield)
rNeg    . . .      Spirit   .   a - +0 robe
rPois   .          Reflect  .   (no helmet)
rElec   .          Harm     .   (no cloak)
rCorr   .          Rampage  .   (no gloves)
Will    .....                   f - +0 pair of boots
Stlth   ++........              (no amulet)
HPRegen 0.06/turn               (no ring)
MPRegen 0.12/turn               (no ring)

@: attractive
A: no striking features
a: no special abilities


You were on level 3 of the Dungeon.
You visited 1 branch of the dungeon, and saw 3 of its levels.

You collected 61 gold pieces.

Inventory:

Hand Weapons
 b - a +0 short sword of electrocution (weapon)
Missiles
 c - 2 throwing nets
Armour
 a - a +0 robe (worn)
 f - a +0 pair of boots (worn)
 i - a +0 cloak
Magical Staves
 d - a staff of air
Scrolls
 h - 3 scrolls of identify {unknown}


   Skills:
 + Level 2.5 Dodging
 + Level 2.5 Stealth
 + Level 3.7 Spellcasting
 + Level 5.4 Conjurations


You had 6 spell levels left.
You knew the following spells:

 Your Spells              Type           Power      Damage    Failure   Level
a - Magic Dart            Conj           100%       1d8       1%          1
b - Searing Ray           Conj           60%        2d6       1%          2

Your spell library contained the following spells:

 Spells                   Type           Power      Damage    Failure   Level
 Dazzling Flash           Conj/Hex       34%        N/A       10%         3
 Frozen Ramparts          Ice            8%         1d2       30%         3
 Fulminant Prism          Conj/Hex       8%         3d7       32%         4
 Iskenderun's Mystic Bla  Conj/Tloc      17%        2d5       32%         4
 Ice Form                 Ice/Tmut       4%         N/A       69%         4
 Summon Ice Beast         Ice/Summ       4%         N/A       69%         4


Dungeon Overview and Level Annotations

Branches:
Dungeon (3/15)

Altars:

Annotations:
D:3 Grinder


Message History

Press: ? - help, Shift-Dir - straight line, f - Grinder
Aim: Grinder (77% to hit)
The searing ray hits Grinder.
Grinder is lightly wounded. (Press . to maintain the ray.)
The searing ray hits Grinder.
Grinder is moderately wounded.
The searing ray hits the kobold.
You kill the kobold!
The searing ray misses Grinder.
Grinder gestures at you.
You suddenly lose the ability to move!
The ball python bites you. The ball python grabs you.
The ball python constricts you. The ball python bites you.
The ball python constricts you.
You can move again.
Casting: Searing Ray (safe; 1% risk of failure)
Confirm with . or Enter, or press ? or * to list all spells.
Aiming: Searing Ray (safe; 1% risk of failure)
Press: ? - help, Shift-Dir - straight line, f/p - Grinder
Aim: Grinder (moderately wounded, 77% to hit)
The searing ray hits the ball python.
You kill the ball python!
The searing ray hits Grinder.
Grinder is moderately wounded. (Press . to maintain the ray.)
The searing ray hits Grinder.
Grinder is heavily wounded.
Grinder barely misses you.
The searing ray misses Grinder.
Grinder gestures at you. Pain shoots through your body!
Ouch! That really hurt!
* * * LOW HITPOINT WARNING * * *
It was a potion of cancellation.
You feel magically purged. Grinder barely misses you.
It was a potion of attraction.
You feel attractive to monsters. Grinder hits you.
You die...

##..#####.#
#..##....#
##.##...)#
#.##....##
..#......# ###
..#......# ....
.........# .)...
.........#......
####..#.@5......
#..##.#......
.... #.#......
#..#. #.# .....
#.. #.# .....
#.# #### #.. ...


You could see Grinder.

Vanquished Creatures
  An adder (D:2)
  5 endoplasms
  3 giant cockroaches
  4 goblins
  5 hobgoblins
  7 kobolds
  A quokka (D:1)
  3 ball pythons
  3 bats
  2 frilled lizards (D:2)
  3 rats
37 creatures vanquished.

Notes
Turn   | Place    | Note
-------+----------+-------------------------------------------
     0 | D:1      | JacoesBerries the Deep Elf Conjurer began the quest for the
                  | Orb.
     0 | D:1      | Reached XP level 1. HP: 10/10 MP: 6/6
   156 | D:1      | Reached XP level 2. HP: 15/15 MP: 5/8
   540 | D:1      | Reached skill level 5 in Conjurations
   799 | D:1      | Found a faded altar of an unknown god.
  1171 | D:2      | Reached XP level 3. HP: 19/19 MP: 6/10
  1174 | D:2      | Learned a level 2 spell: Searing Ray
  2021 | D:3      | Noticed Grinder
  2026 | D:3      | Paralysed by Grinder for 4 turns
  2034 | D:3      | Slain by Grinder

Illustrated notes

Levels and vault maps discovered:
D:1:      dpeg_arrival_morbid_curiosity, layout_loops_ring,
          basic_ecumenical_altar
D:2:      layout_basic
D:3:      layout_rooms, jmf_multi_god_temple2, marbit_many_paths,
          gup_sewer_entry_spiral, uniq_grinder

Skill      XL: |  1  2 |
---------------+-------+-----
Conjurations   | 5 |  5.4
Dodging        | |  2.5
Stealth        | |  2.5
Spellcasting   | |  3.7

Action                   || total
-------------------------++-------
 Cast: Magic Dart        ||    58
       Searing Ray       ||     2
  Use: Potion            ||     2
Dodge: Dodged            ||     3
